 Dungeon Crawl Stone Soup version 0.31.0-11-ge490571c62 (webtiles) character file.

Game seed: 1579854295448712672

65 Arctor the Shooter (level 4, -5/26 HPs)
             Began as a Kobold Hexslinger on Jan 29, 2024.
             Killed from afar by Natasha (10 damage)
             ... with a magic dart
             ... on level 2 of the Dungeon.
             The game lasted 00:00:36 (1153 turns).

Arctor the Shooter (Kobold Hexslinger)              Turns: 1153, Time: 00:00:38

Health: -5/26      AC:  2    Str:  5    XL:     4   Next: 34%
Magic:  6/6        EV: 14    Int: 14    God:
Gold:   55         SH:  4    Dex: 19    Spells: 6/6 levels left

rFire   . . .        a - +1 sling
rCold   . . .        i - +0 buckler
rNeg    . . .        c - +0 robe
rPois   .            (no helmet)
rElec   .            (no cloak)
rCorr   .            (no gloves)
SInv    .            (no boots)
Will    .....        (no amulet)
Stlth   +++          (no ring)
HPRegen 0.24/turn    (no ring)
MPRegen 0.10/turn

%: no passive effects
@: hasted and slowed
A: small, no large weapons, nightstalker 3
a: no special abilities


You were on level 2 of the Dungeon.
You visited 1 branch of the dungeon, and saw 2 of its levels.

You collected 55 gold pieces.

Inventory:

Hand Weapons
 a - a +1 sling (weapon)
Armour
 c - a +0 robe (worn)
 i - a +0 buckler (worn)
Scrolls
 b - 2 scrolls of poison
 f - a scroll of vulnerability {unknown}
 g - a scroll of fog {unknown}
 j - a scroll of identify {unknown}
Potions
 e - a potion of brilliance {unknown}
 h - a potion of invisibility {unknown}


   Skills:
 + Level 1.9 Fighting
 + Level 3.4 Ranged Weapons
 + Level 3.0 Dodging
 + Level 1.8 Spellcasting
 + Level 3.3 Hexes
 + Level 1.6 Fire Magic


You had 6 spell levels left.
You didn't know any spells.
Your spell library contained the following spells:

 Spells                   Type           Power      Damage    Failure   Level
 Jinxbite                 Hex            20%        N/A       19%         2
 Sigil of Binding         Hex            10%        N/A       34%         3
 Inner Flame              Hex/Fire       8%         N/A       45%         3
 Cause Fear               Hex            5%         N/A       75%         4
 Dimensional Bullseye     Hex/Tloc       2%         N/A       93%         4


Dungeon Overview and Level Annotations

Branches:
Dungeon (2/15)

Altars:

Annotations:
D:2 Natasha


Innate Abilities, Weirdness & Mutations

You are small and have problems with some larger weapons.
You are completely attuned to the shadows.


Message History

You feel yourself slow down.
You shoot a sling bullet. The sling bullet hits Natasha.
Natasha is heavily wounded.
The cerulean imp barely misses you. Natasha misses you.
The cerulean imp hits you from afar with a +2 spear.
Natasha barely misses you.
The cerulean imp hits you from afar with a +2 spear.
You shoot a sling bullet.
The sling bullet closely misses Natasha.
The sling bullet hits the cerulean imp.
The cerulean imp is heavily wounded.
Natasha closely misses you. You block the cerulean imp's attack.
Natasha claws you!
The cerulean imp hits you from afar with a +2 spear.
It was a potion of haste.
You feel yourself speed up. Natasha claws you.
The cerulean imp completely misses you. Natasha claws you but does no damage.
You shoot a sling bullet. The sling bullet hits Natasha.
Natasha is almost dead.
The cerulean imp hits you from afar with a +2 spear.
* * * LOW HITPOINT WARNING * * *
Natasha closely misses you.
You shoot a sling bullet. The sling bullet barely misses Natasha.
The sling bullet hits the cerulean imp but does no damage.
The cerulean imp is heavily wounded.
The cerulean imp closely misses you. Natasha closely misses you.
The cerulean imp hits you from afar with a +2 spear.
* * * LOW HITPOINT WARNING * * *
You shoot a sling bullet.
The sling bullet closely misses Natasha.
The sling bullet barely misses the cerulean imp.
Natasha closely misses you. The cerulean imp closely misses you.
Natasha misses you.
You shoot a sling bullet.
The sling bullet hits Natasha but does no damage.
Natasha is almost dead.
The cerulean imp closely misses you. Natasha casts a spell at you.
The magic dart hits you!
You die...
Natasha begins licking her fur clean.

....# ...#
?5# #####h##
#...#@.#
##...##.###.
#...........
#...........
##
#...........
.#
#.<.........
.#
#...........
.#
#..........
.# ##.......


You could see Natasha and a cerulean imp (summoned).

Vanquished Creatures
  Jessica (D:2)
  An adder (D:2)
  A dart slug (D:1)
  A ball python (D:2)
  3 endoplasms (D:1)
  A giant cockroach (D:1)
  3 goblins
  3 hobgoblins (D:1)
  2 kobolds (D:1)
  A quokka (D:1)
  4 bats
  A frilled lizard (D:2)
  5 rats
27 creatures vanquished.

Notes
Turn   | Place    | Note
-------+----------+-------------------------------------------
     0 | D:1      | Arctor the Kobold Hexslinger began the quest for the Orb.
     0 | D:1      | Reached XP level 1. HP: 12/12 MP: 2/2
   114 | D:1      | Reached XP level 2. HP: 16/16 MP: 3/3
   652 | D:1      | Reached XP level 3. HP: 20/20 MP: 5/5
  1091 | D:2      | Noticed Jessica
  1096 | D:2      | Killed Jessica
  1097 | D:2      | Reached XP level 4. HP: 26/26 MP: 6/6
  1142 | D:2      | Noticed Natasha
  1153 | D:2      | Killed from afar by Natasha

Illustrated notes

Levels and vault maps discovered:
D:1:      lemuel_arrival_lava_pool, layout_basic, minmay_pentomino_r4
D:2:      layout_basic, hangedman_decor_peaks_small, uniq_natasha, uniq_jessica

Skill      XL: |  1  2  3 |
---------------+----------+-----
Ranged Weapons | 3 |  3.4
Dodging        | 3 |  3.0
Fighting       | |  1.9
Spellcasting   | |  1.8
Hexes          | |  3.3
Fire Magic     | |  1.6

Action                     |  1- 3 |  4- 6 || total
---------------------------+-------+-------++-------
   Fire: Sling             |    68 |    12 ||    80
    Use: Potion            |       |     1 ||     1
 Armour: Robe              |     9 |    10 ||    19
  Dodge: Dodged            |    15 |    13 ||    28
  Block: Buckler           |     5 |     2 ||     7
